 Dungeon Crawl Stone Soup version 0.27-a0-1555-g0e7b3fb1d2 (webtiles) character file.

Game seed: 11564097475343893595

3 Spectrina the Magician (level 1, -1/15 HPs)
             Began as a Djinni Necromancer on July 15, 2021.
             Was a Follower of Fedhas.
             Slain by an endoplasm (2 damage)
             ... on level 1 of the Dungeon.
             The game lasted 00:02:00 (237 turns).

Spectrina the Magician (Djinni Necromancer)          Turns: 237, Time: 00:02:01

Health: -1/15      AC:  3    Str:  7    XL:     1   Next: 55%
Gold:   0          EV: 11    Int: 16    God:    Fedhas [*.....] SH:  0 Dex: 13

rFire    + + .     SeeInvis .   d - +0 spear
rCold    x . .     Faith    .   (no shield)
rNeg     . . .     Spirit   .   b - +0 leather armour
rPois    ∞         Reflect  .   (no helmet)
rElec    .         Harm     .   (no cloak)
rCorr    .         Rampage  .   (no gloves)
Will     .....                  (boots unavailable)
Stlth    ++........             (no amulet)
HPRegen  0.05/turn              (no ring)
MPRegen  0.00/turn              (no ring)

@: flying, very slightly contaminated
A: sickness immunity, fire resistance 2, cold vulnerability 1, float, innate
caster, hp casting, extra vitality 1
a: Renounce Religion


You were on level 1 of the Dungeon.
You worshipped Fedhas.
Fedhas was aware of your devotion.
You visited 1 branch of the dungeon, and saw 1 of its levels.

Inventory:

Hand Weapons
 d - a +0 spear (weapon)
Missiles
 e - 2 stones
Armour
 a - a +0 robe
 b - a +0 leather armour (worn)
Potions
 c - a potion of might {unknown}


   Skills:
 - Level 2.1 Dodging
 - Level 1.5 Stealth
 + Level 3.4 Spellcasting


You couldn't memorise any spells.
You knew the following spells:

 Your Spells              Type           Power      Damage    Failure   Level
a - Pain                  Necr           52%        1d6       7%          1
k - Agony                 Necr           13%        N/A       88%         5
l - Vampiric Draining     Necr           6%         2d6       21%         3
m - Animate Skeleton      Necr           26%        N/A       7%          1
n - Animate Dead          Necr           6%         N/A       54%         4
Your spell library was empty.

Dungeon Overview and Level Annotations

Branches:
Dungeon (1/15)

Altars:
Fedhas


Innate Abilities, Weirdness & Mutations

You are immune to sickness and miasma.
You are immune to poison.
Your flesh is very heat resistant. (rF++)
You are vulnerable to cold. (rC-)
You float through the air rather than walking.
You learn spells naturally, not from books.
Your magical power is your life essence.
You have superior vitality. (+4 HP)


Message History

You closely miss the bat.
The bat is moderately wounded.
The bat hits you but does no damage.
Reach: d) +0 spear
Press: ? - help, Dir - move target, f/p - bat
Aim: a bat (moderately wounded, about 56% to evade your +0 spear)
You reach to attack!
You hit the bat.
You kill the bat!
Fedhas appreciates your contribution to the ecosystem.
Your magical contamination has completely faded away.
An endoplasm comes into view.
The endoplasm quivers.
Casting: Pain (safe; 7% risk of failure)
Confirm with . or Enter, or press ? or * to list all spells.
Aiming: Pain (safe; 7% risk of failure)
Press: ? - help, Shift-Dir - straight line, f - endoplasm
Aim: an endoplasm (chance to affect: 83%)
The endoplasm writhes in agony.
* * * LOW HITPOINT WARNING * * *
Casting: Pain (safe; 7% risk of failure)
Confirm with . or Enter, or press ? or * to list all spells.
Aiming: Pain (safe; 7% risk of failure)
Press: ? - help, Shift-Dir - straight line, f/p - endoplasm
Aim: an endoplasm (moderately wounded, chance to affect: 83%)
You miscast Pain.
You are very lightly contaminated with residual magic.
Nothing appears to happen.
* * * LOW HITPOINT WARNING * * *
Casting: Pain (safe; 7% risk of failure)
Confirm with . or Enter, or press ? or * to list all spells.
Aiming: Pain (safe; 7% risk of failure)
Press: ? - help, Shift-Dir - straight line, f/p - endoplasm
Aim: an endoplasm (moderately wounded, chance to affect: 83%)
The endoplasm writhes in agony.
* * * LOW HITPOINT WARNING * * *
The endoplasm hits you but does no damage.
Unknown command.
The endoplasm hits you.
You die...
Fedhas appreciates your contribution to the ecosystem.

#.# #.. #.# #.#####
#########.# #.#...
........#.###.#.##.#
#######.#........#.#
#...........#.#..#.#
#.#####.###.#.#..#.#
#†J.#.#.#..#.#
#######@#.#.#..#.#.#
#.....#.#.#.#..#.#.#
#.###.#.........)#.# #.#
#.#..≈⌠.⌠≈)≈...#
#.###.#..P..P..≈...#
#.#...#..P.###.≈.#.#
#.#.###....#_#.⌠.#.#
#.#...#..≈.#.#P≈...#
#.#.#.#..≈.#.#.⌠.#######


You could see an endoplasm.

Vanquished Creatures
  An endoplasm (D:1)
  A bat (D:1)
  A goblin (D:1)
  A kobold (D:1)
4 creatures vanquished.

Vanquished Creatures (others)
  A fungus (D:1)
1 creature vanquished.

Grand Total: 5 creatures vanquished

Notes
Turn   | Place    | Note
-------+----------+-------------------------------------------
     0 | D:1      | Spectrina the Djinni Necromancer began the quest for the
                  | Orb.
     0 | D:1      | Reached XP level 1. HP: 15/15 MP: 0/0
    93 | D:1      | Found a faded altar of an unknown god.
   196 | D:1      | Became a worshipper of Fedhas Madash
   196 | D:1      | Reached * piety under Fedhas
   237 | D:1      | Slain by an endoplasm

Illustrated notes

Levels and vault maps discovered:
D:1:      sevenhm_arrival_forest_fort_large_2, layout_basic,
          shapermc_ecumenical_altar_acropolis

Action                   || total
-------------------------++-------
Melee: Spear             ||    13
 Cast: Pain              ||     9
Armor: Leather armour    ||     9
Dodge: Dodged            ||     6

Table legend: (Time is in decaauts)
 A = Elapsed time spent in this place.
 B = Non-inter-level travel time spent in this place.
 C = Inter-level travel time spent in this place.
 D = Time resting spent in this place.
 E = Time spent auto-exploring this place.
 F = Levels seen in this place.
 G = Mean time per level.
                   A        B        C        D        E       F      G
               +--------+--------+--------+--------+--------+-----+--------+
         Total |    237 |    237 |      0 |      0 |      0 |   1 |  237.0 |
       Dungeon |    237 |    237 |      0 |      0 |      0 |   1 |  237.0 |
               +--------+--------+--------+--------+--------+-----+--------+

Top non-repeatable levels by time:
     D:1: 237 daAuts
